 Dungeon Crawl Stone Soup version 0.29.1-12-g30fa7ad0bf (webtiles) character file.

Game seed: 17600183960298469922

75754 javelincjr the Eclecticist (level 15, 0/96 HPs)
             Began as a Djinni Conjurer on Dec 19, 2022.
             Was the Champion of Qazlal.
             Slain by an acid blob (28 damage)
             ... on level 1 of the Pits of Slime on Dec 20, 2022.
             The game lasted 03:07:36 (27649 turns).

javelincjr the Eclecticist (Djinni Conjurer)       Turns: 27649, Time: 03:07:37

Health: 0/96       AC:  4    Str: 13    XL:     15   Next: 99%
Gold:   1875       EV: 15    Int: 26    God:    Qazlal [******] SH:  8 Dex: 13

rFire   + + .      SeeInvis .   p - +6 dagger "Jevikk" {venom, Str+4}
rCold   x . .      Faith    .   (no shield)
rNeg    . . .      Spirit   .   P - +0 acid dragon scales
rPois   ∞          Reflect  .   t - +2 hat
rElec   .          Harm     .   J - scarf {shadows}
rCorr   +          Rampage  .   o - +2 pair of gloves
Will    +....                   (boots unavailable)
Stlth   +.........              X - amulet of the King {Acrobat Regen+ Str-5 Int+2}
HPRegen 1.06/turn               M - ring of resist corrosion
MPRegen 0.00/turn               L - +6 ring of strength

@: corroded, flying, repel missiles
A: sickness immunity, fire resistance 2, cold vulnerability 1, float, innate
caster, HP casting, extra vitality 1, evolution 1, no potion heal 1
a: Renounce Religion, Upheaval, Elemental Force, Disaster Area


You were on level 1 of the Pits of Slime.
You worshipped Qazlal.
Qazlal was exalted by your worship.
You visited 7 branches of the dungeon, and saw 25 of its levels.
You also visited: Sewer and Ossuary.

You collected 2224 gold pieces.
You spent 349 gold pieces at shops.

Inventory:

Hand Weapons
 a - a +5 great sword of freezing
 e - a +5 dire flail of protection
 f - a +1 dagger of flaming
 p - the +6 dagger "Jevikk" (weapon) {venom, Str+4}
   (You found it on level 8 of the Dungeon)

   It poisons the flesh of those it strikes.
   Str:       It affects your strength (+4).
 v - the +9 war axe of Disharmony {antimagic, rF- rN+ Dex+5}
   (You found it on level 5 of the Lair of Beasts)

   It reduces the magical energy of the wielder, and disrupts the spells and
   magical abilities of those it strikes.
   Natural abilities and divine invocations are not affected.
   Dex:       It affects your dexterity (+5).
   rF:        It makes you vulnerable to fire.
   rN:        It protects you from negative energy.
 w - a +2 vampiric short sword
Missiles
 c - 157 stones (quivered)
 i - 29 poisoned darts
 Q - 5 atropa-tipped darts
 T - 10 javelins
 U - 6 datura-tipped darts
Armour
 o - a +2 pair of gloves (worn)
 t - a +2 hat (worn)
 H - a +2 robe of the Archmagi
 J - a scarf of shadows (worn)
 P - +0 acid dragon scales (worn)
Magical Staves
 Y - a staff of air
Jewellery
 b - a +6 ring of dexterity
 d - a ring of ice
 D - a +4 ring of slaying
 F - an amulet of reflection
 L - a +6 ring of strength (right hand)
 M - a ring of resist corrosion (left hand)
 S - an amulet of the acrobat
 V - a ring of protection from fire
 W - a +6 ring of dexterity
 X - the amulet of the King (around neck) {Acrobat Regen+ Str-5 Int+2}
   (You found it on level 2 of the Lair of Beasts)

   [amulet of the acrobat]

   It increases your evasion while moving and waiting.
   Str:       It affects your strength (-5).
   Int:       It affects your intelligence (+2).
   Regen:     It increases your rate of health regeneration.
Wands
 g - a wand of mindburst (9)
 h - a wand of paralysis (13)
 l - a wand of roots (13)
 E - a wand of flame (32)
 K - a wand of light (1)
 Z - a wand of digging (10)
Scrolls
 j - 14 scrolls of teleportation
 k - 2 scrolls of poison
 m - a scroll of butterflies
 n - 2 scrolls of silence
 q - 3 scrolls of identify
 r - 3 scrolls of fear
 s - 4 scrolls of summoning
 N - 3 scrolls of magic mapping
 O - a scroll of brand weapon
Potions
 u - 15 potions of curing
 x - 3 potions of might
 z - 3 potions of heal wounds
 A - a potion of invisibility
 B - 3 potions of cancellation
 C - 5 potions of resistance
 G - a potion of brilliance
 I - 2 potions of haste
 R - 2 potions of berserk rage


   Skills:
 + Level 5.5 Fighting
 + Level 5.1 Short Blades
 + Level 1.2 Throwing
 + Level 4.0 Armour
 + Level 8.8 Dodging
 + Level 6.0 Stealth
 + Level 4.0 Shields
 + Level 17.6 Spellcasting
 + Level 4.3 Invocations
 + Level 4.2 Evocations


You had 11 spell levels left.
You knew the following spells:

 Your Spells              Type           Power      Damage    Failure   Level
a - Magic Dart            Conj           100%       1d8       0%          1
b - Searing Ray           Conj           100%       2d8       0%          2
c - Dazzling Flash        Conj/Hex       100%       N/A       0%          3
d - Fulminant Prism       Conj/Hex       43%        3d20      1%          4
e - Iskenderun's Mystic   Conj/Tloc      86%        2d17      1%          4
f - Summon Small Mammal   Summ           100%       N/A       0%          1
g - Ensorcelled Hibernat  Hex/Ice        100%       N/A       0%          2
h - Mephitic Cloud        Conj/Pois/Air  86%        N/A       0%          3
i - Frozen Ramparts       Ice            100%       1d16      0%          3
j - Animate Armour        Summ/Erth      100%       N/A       1%          4
k - Borgnjor's Vile Clut  Necr/Erth      43%        N/A       1%          5
l - Iron Shot             Conj/Erth      43%        9d8       1%          6
Your spell library was empty.

Dungeon Overview and Level Annotations

Branches:
Dungeon (14/15)            Temple (1/1) D:5            Lair (5/5) D:9
  Swamp (1/4) Lair:2        Snake (0/4) Lair:3        Slime (1/5) Lair:4
    Orc (2/2) D:11            Elf (1/3) Orc:2         Sewer (visited)
Ossuary (visited)
 Vaults: D:13-14

Altars:
Ashenzari
Cheibriados
Dithmenos
Elyvilon
Fedhas
Gozag
Hepliaklqana
Makhleb
Nemelex Xobeh
Okawaru
Qazlal
Ru
Trog
Uskayaw
Wu Jian
Xom
Yredelemnul
Zin
The Shining One
Jiyva
Lugonu

Shops:
D:5 !   D:6 ?   D:11 [   Orc:1 [   Orc:2 ([*[

Portals:
Abyss: D:10

Annotations:
D:10 1 runed translucent door


Innate Abilities, Weirdness & Mutations

You are immune to sickness and miasma.
You are immune to poison.
Your flesh is very heat resistant. (rF++)
You are vulnerable to cold. (rC-)
You float through the air rather than walking.
You learn spells naturally, not from books.
Your magical power is your life essence.
You have superior vitality. (+4 MHP)
You have hidden genetic potential.
Potions are less effective at restoring your health.


Message History

The golden eye blinks at you.
You are more confused.
You bump into the slime covered rock wall.
You are splashed with acid!
The golden eye turns its gaze towards you.
The golden eye blinks at you.
You are more confused.
The golden eye blinks at you. You resist with almost no effort.
The acid blob is engulfed in freezing vapours.
Okay, then.
The golden eye blinks at you.
You easily resist.
The golden eye turns its gaze towards you.
The golden eye blinks at you. You resist with almost no effort.
The acid blob spits acid at you.
The splash of acid is repelled.
The golden eye is engulfed in freezing vapours.
You kill the golden eye!
Qazlal accepts your kill.
The acid blob is engulfed in freezing vapours.
The acid blob spits acid at you.
The splash of acid is repelled.
The acid blob spits acid at you. The splash of acid hits you! You resist.
The acid corrodes you! The acid blob spits acid at you.
The splash of acid is repelled.
You are splashed with acid.
The acid blob hits you!!
* * * LOW HITPOINT WARNING * * *
The acid corrodes you!
You are splashed with acid.
You resist.
* * * LOW HITPOINT WARNING * * *
You're too confused to cast spells.
You are too confused!
Your system partially rejects the healing.
You feel much better.
You feel less confused. The acid blob closely misses you.
The acid blob hits you!!
You die...

.#........###
............##
.#...........###
.............#.##
............#....
.................
.........☼.......
......☼○J.......#
...>.°@....##.##
.....○°.☼..###.##
......#°...#....#
....○.##°......#
..##..#.......##
. #......<..##
.#.......##
........###
.....###


You could see an acid blob.

Vanquished Creatures
  Jorgrun (Swamp:1)
  An acid blob (Slime:1)
  A rockslime (Slime:1)
  3 boulder beetles
  2 great orbs of eyes (Slime:1)
  5 hydras
  A catoblepas (Lair:3)
  2 two-headed ogres
  2 centaur warriors
  3 alligators (Swamp:1)
  The ghost of Coaxmetal the Cleaver, a novice GnCA of Ignis (Lair:1)
  3 orc high priests (Orc:2)
  Urug (Lair:1)
  7 spriggans (Swamp:1)
  A goliath frog (Swamp:1)
  A spriggan druid (Swamp:1)
  A lindwurm (Lair:2)
  A wizard (D:9)
  Pikel (D:8)
  6 orc knights
  An orange crystal statue (Lair:2)
  A deep elf pyromancer (Orc:2)
  5 orc sorcerers
  A shining eye (Slime:1)
  A will-o-the-wisp (Swamp:1)
  2 manticores (D:11)
  3 elephants (Lair:5)
  A black mamba (Lair:4)
  19 cane toads
  10 komodo dragons
  5 rime drakes
  A kobold demonologist (D:12)
  An unseen horror (D:10)
  2 trolls
  4 tyrant leeches (Lair:5)
  2 bloated husks (Swamp:1)
  3 polar bears
  25 blink frogs
  11 slime creatures (Slime:1)
  6 hornets (Swamp:1)
  A shadow (D:10)
  5 wyverns
  Sigmund (D:2)
  An air elemental (Orc:2)
  57 yaks
  A vampire (D:11)
  A basilisk (Lair:5)
  2 wraiths (D:12)
  A golden eye (Slime:1)
  8 vampire mosquitoes
  Edmund (D:6)
  6 wargs
  2 swamp worms (Swamp:1)
  6 nagas (Lair:3)
  An acid dragon (D:10)
  14 water moccasins
  Duvessa (D:7)
  A sky beast (D:8)
  4 ice beasts
  24 orc warriors
  2 black bears
  13 wolves
  5 centaurs
  5 ogres
  A phantom (D:5)
  A kobold brigand (D:6)
  Blork the orc (D:5)
  A scorpion (D:7)
  13 bullfrogs
  2 necrophages
  10 wights
  Dowan (D:7)
  9 killer bees
  5 howler monkeys
  7 electric eels
  A crimson imp (D:9)
  A wyvern simulacrum (D:8)
  16 orc priests
  A gnoll bouda (D:10)
  3 hounds
  Ijyb (D:5)
  4 iguanas
  27 orc wizards
  A centaur simulacrum (D:8)
  8 mummies (Ossuary)
  A killer bee simulacrum (D:8)
  15 gnolls
  10 adders
  3 river rats (Sewer)
  2 shadow imps (D:6)
  A howler monkey simulacrum (D:8)
  4 worms
  2 dart slugs
  64 orcs
  13 ball pythons
  9 bats
  3 endoplasms
  A gnoll zombie (Ossuary)
  6 goblins
  6 hobgoblins
  4 jackals (Sewer)
  11 kobolds
  4 quokkas
  4 frilled lizards
  4 hobgoblin zombies (Ossuary)
  2 kobold zombies (Ossuary)
  An orc zombie (Ossuary)
  4 rats (D:1)
  5 fulminant prisms
  A lurking horror (D:10)
605 creatures vanquished.

Vanquished Creatures (collateral kills)
  A jackal (Sewer)
1 creature vanquished.

Vanquished Creatures (others)
  A spriggan druid (Swamp:1)
  283 fulminant prisms
  78 fungi
  82 plants
444 creatures vanquished.

Grand Total: 1050 creatures vanquished

Notes
Turn   | Place    | Note
-------+----------+-------------------------------------------
     0 | D:1      | javelincjr the Djinni Conjurer began the quest for the Orb.
     0 | D:1      | javelincjr set off with the following spells memorised:
                  | Magic Dart, Searing Ray, Dazzling Flash, Fulminant Prism,
                  | Iskenderun's Mystic Blast.
     0 | D:1      | Reached XP level 1. HP: 15/15 MP: 0/0
   227 | D:1      | Reached XP level 2. HP: 15/21 MP: 0/0
   375 | D:1      | Found a faded altar of an unknown god.
   871 | D:2      | Reached XP level 3. HP: 23/25 MP: 0/0
   871 | D:2      | Learned a level 1 spell: Summon Small Mammal
  1433 | D:2      | Reached skill level 4 in Spellcasting
  1485 | D:2      | Reached XP level 4. HP: 24/31 MP: 0/0
  1576 | D:2      | Noticed Sigmund
  1582 | D:2      | Killed Sigmund
  1583 | D:2      | Reached skill level 5 in Spellcasting
  1583 | D:2      | Reached XP level 5. HP: 27/35 MP: 0/0
  1583 | D:2      | Learned a level 2 spell: Ensorcelled Hibernation
  1583 | D:2      | Reached XP level 6. HP: 31/40 MP: 0/0
  1990 | D:3      | Identified the +4 chain mail "Xuybypt" {Dex+7}
  2168 | D:3      | Found a glowing drain.
  2220 | Sewer    | Entered a sewer
  3137 | Sewer    | Gained mutation: You expend health (3 HP) to strengthen
                  | your wands. [potion of mutation]
  3137 | Sewer    | Gained mutation: You passively map a small area around you.
                  | [potion of mutation]
  3798 | D:3      | Reached XP level 7. HP: 41/46 MP: 0/0
  3798 | D:3      | Learned a level 3 spell: Mephitic Cloud
  4260 | D:4      | Reached skill level 1 in Fighting
  4311 | D:5      | Entered Level 5 of the Dungeon
  4328 | D:5      | Found a sand-covered staircase.
  4474 | Ossuary  | Entered an ossuary
  4498 | Ossuary  | Reached skill level 1 in Short Blades
  4819 | Ossuary  | Lost mutation: You expend health (3 HP) to strengthen your
                  | wands. [potion of mutation]
  4819 | Ossuary  | Lost mutation: You passively map a small area around you.
                  | [potion of mutation]
  4819 | Ossuary  | Gained mutation: Your body sometimes deteriorates upon
                  | taking damage. [potion of mutation]
  4819 | Ossuary  | Gained mutation: You are resistant to electric shocks.
                  | (rElec) [potion of mutation]
  4876 | D:5      | Noticed Ijyb
  4891 | D:5      | Killed Ijyb
  5037 | D:5      | Noticed a wyvern
  5058 | D:5      | Killed a wyvern
  5059 | D:5      | Reached skill level 6 in Spellcasting
  5059 | D:5      | Reached XP level 8. HP: 34/53 MP: 0/0
  5362 | D:5      | Noticed Blork the orc
  5428 | D:5      | Killed Blork the orc
  5870 | D:5      | Found Cogheshi's Distillery.
  5878 | D:5      | Bought a potion of heal wounds for 70 gold pieces
  5878 | D:5      | Bought a potion of heal wounds for 70 gold pieces
  5878 | D:5      | Bought a potion of heal wounds for 70 gold pieces
  5878 | D:5      | Bought a potion of curing for 42 gold pieces
  5995 | D:5      | Found a staircase to the Ecumenical Temple.
  6003 | Temple   | Entered the Ecumenical Temple
  6009 | Temple   | Became a worshipper of Qazlal Stormbringer
  6085 | Temple   | Reached skill level 5 in Stealth
  6085 | Temple   | Reached skill level 7 in Spellcasting
  6085 | Temple   | Reached XP level 9. HP: 64/64 MP: 0/0
  6085 | Temple   | Learned a level 3 spell: Frozen Ramparts
  6469 | D:5      | Found a broken altar of Ashenzari.
  6618 | D:6      | Noticed Edmund
  6627 | D:6      | Killed Edmund
  7120 | D:6      | Found Efog's Magic Scroll Shop.
  7126 | D:6      | Bought a scroll of enchant weapon for 97 gold pieces
  7195 | D:6      | Reached XP level 10. HP: 62/69 MP: 0/0
  7485 | D:6      | Reached * piety under Qazlal
  7810 | D:6      | Found an iron altar of Okawaru.
  7940 | D:7      | Reached skill level 5 in Fighting
  7940 | D:7      | Reached skill level 8 in Spellcasting
  7997 | D:7      | Noticed Duvessa
  7997 | D:7      | Noticed Dowan
  8000 | D:7      | Killed Dowan
  8014 | D:7      | Killed Duvessa
  8626 | D:7      | Reached ** piety under Qazlal
  8953 | D:7      | Found a sacrificial altar of Ru.
  9050 | D:8      | Noticed Pikel
  9061 | D:8      | Killed Pikel
  9462 | D:8      | Reached XP level 11. HP: 54/76 MP: 0/0
  9462 | D:8      | Learned a level 4 spell: Animate Armour
  9731 | D:8      | Reached skill level 1 in Shields
  9743 | D:8      | Reached skill level 9 in Spellcasting
 10429 | D:8      | Identified the +6 dagger "Jevikk" {venom, Str+4}
 10953 | D:9      | Reached *** piety under Qazlal
 10957 | D:9      | Found a staircase to the Lair.
 11119 | D:9      | Noticed a wizard
 11122 | D:9      | Killed a wizard
 11230 | D:9      | Noticed a two-headed ogre
 11242 | D:9      | Killed a two-headed ogre
 11243 | D:9      | Reached skill level 10 in Spellcasting
 11736 | D:9      | Found a glowing silver altar of Zin.
 12045 | D:10     | Entered Level 10 of the Dungeon
 12342 | D:10     | Found a basalt altar of Yredelemnul.
 12671 | D:10     | Found a corrupted altar of Lugonu.
 12672 | D:10     | Found a one-way gate to the infinite horrors of the Abyss.
 12883 | D:10     | Noticed a yaktaur captain
 12884 | D:10     | Found a runed translucent door.
 12884 | D:10     | Identified the +2 robe of Nemelex Xobeh's Anger {Int+4}
 12884 | D:10     | Noticed a deep elf zephyrmancer
 12886 | D:10     | Noticed a great orb of eyes
 12886 | D:10     | Noticed a centaur warrior
 12886 | D:10     | Noticed a boulder beetle
 13079 | D:4      | Lost mutation: You are resistant to electric shocks.
                  | (rElec) [potion of mutation]
 13079 | D:4      | Lost mutation: Your body sometimes deteriorates upon taking
                  | damage. [potion of mutation]
 13079 | D:4      | Gained mutation: You are strong-willed. (Will+) [potion of
                  | mutation]
 13079 | D:4      | Gained mutation: You are clumsy. (Dex -2) [potion of
                  | mutation]
 13079 | D:4      | Gained mutation: You are highly strong-willed. (Will++)
                  | [potion of mutation]
 14094 | D:10     | Found a hide-covered altar of Uskayaw.
 14174 | D:10     | Found a white marble altar of Elyvilon.
 14339 | D:10     | Noticed a sea snake
 14368 | D:11     | Noticed a six-headed hydra
 14374 | D:11     | Killed a six-headed hydra
 14375 | D:11     | Reached XP level 12. HP: 32/81 MP: 0/0
 14937 | D:11     | You are sucked into a shaft and drop 3 floors!
 14938 | D:14     | Noticed a centaur warrior
 14959 | D:14     | Killed a centaur warrior
 14960 | D:14     | Reached skill level 11 in Spellcasting
 15101 | D:13     | Noticed a centaur warrior
 15104 | D:13     | Killed a centaur warrior
 15342 | D:12     | Noticed a two-headed ogre
 15348 | D:12     | Killed a two-headed ogre
 15769 | D:11     | Reached skill level 5 in Short Blades
 16117 | D:11     | Reached **** piety under Qazlal
 16352 | D:11     | Found a staircase to the Orcish Mines.
 16356 | D:11     | Found Cextier's Armour Boutique.
 16376 | Orc:1    | Entered Level 1 of the Orcish Mines
 16633 | Orc:1    | Reached skill level 12 in Spellcasting
 16672 | Orc:1    | Found Xihainwe's Armour Emporium.
 17079 | Orc:2    | Entered Level 2 of the Orcish Mines
 17410 | Orc:2    | Reached XP level 13. HP: 23/86 MP: 0/0
 17410 | Orc:2    | Learned a level 5 spell: Borgnjor's Vile Clutch
 17985 | Orc:2    | Found a staircase to the Elven Halls.
 18482 | Orc:2    | Reached skill level 13 in Spellcasting
 18846 | Orc:2    | Reached ***** piety under Qazlal
 19141 | Orc:2    | Found Loifaeg's Antique Armour Boutique.
 19141 | Orc:2    | Found Odeukk's Weapon Boutique.
 19142 | Orc:2    | Found Ejuoxaol's Assorted Antiques.
 19142 | Orc:2    | Found Eteriy's Armour Shoppe.
 19332 | Elf:1    | Entered Level 1 of the Elven Halls
 19334 | Elf:1    | Paralysed by an air elemental for 1 turns
 19795 | Lair:1   | Entered Level 1 of the Lair of Beasts
 19818 | Lair:1   | Noticed a seven-headed hydra
 19823 | Lair:1   | Killed a seven-headed hydra
 19824 | Lair:1   | Reached skill level 1 in Throwing
 20152 | Lair:1   | Reached skill level 14 in Spellcasting
 20691 | Lair:1   | Found a runed translucent gate.
 20691 | Lair:1   | Found a runed translucent gate.
 20691 | Lair:1   | Found a runed translucent gate.
 20693 | Lair:1   | Noticed Coaxmetal's ghost (novice GnCA)
 20701 | Lair:1   | Noticed a boulder beetle
 20716 | Lair:1   | Killed a boulder beetle
 20726 | Lair:1   | Killed Coaxmetal's ghost
 20727 | Lair:1   | Reached XP level 14. HP: 49/92 MP: 0/0
 21249 | Lair:1   | Noticed Urug
 21258 | Lair:1   | Killed Urug
 22383 | Lair:2   | Found a staircase to the Swamp.
 22556 | Lair:2   | Identified the +7 bardiche of Gucsid {pain, rPois Will+}
 22562 | Lair:2   | Identified the amulet of the King {Acrobat Regen+ Str-5
                  | Int+2}
 22784 | Lair:2   | Lost mutation: You are highly strong-willed. (Will++)
                  | [potion of mutation]
 22784 | Lair:2   | Lost mutation: You are strong-willed. (Will+) [potion of
                  | mutation]
 22784 | Lair:2   | Lost mutation: You are clumsy. (Dex -2) [potion of
                  | mutation]
 22784 | Lair:2   | Gained mutation: You occasionally shout uncontrollably at
                  | your foes. [potion of mutation]
 22784 | Lair:2   | Gained mutation: Your spells are a little harder to cast,
                  | but a little more powerful. [potion of mutation]
 22784 | Lair:2   | Gained mutation: Your muscles are strong. (Str +4, Int/Dex
                  | -1) [potion of mutation]
 22785 | Lair:2   | Lost mutation: You occasionally shout uncontrollably at
                  | your foes. [potion of mutation]
 22785 | Lair:2   | Lost mutation: Your muscles are strong. (Str +4, Int/Dex
                  | -1) [potion of mutation]
 22785 | Lair:2   | Lost mutation: Your spells are a little harder to cast, but
                  | a little more powerful. [potion of mutation]
 22785 | Lair:2   | Gained mutation: You do not regenerate when monsters are
                  | visible. [potion of mutation]
 23221 | Swamp:1  | Entered Level 1 of the Swamp
 23229 | Swamp:1  | Reached skill level 15 in Spellcasting
 23533 | Swamp:1  | Noticed Jorgrun
 23544 | Swamp:1  | Killed Jorgrun
 24022 | Lair:3   | Reached skill level 16 in Spellcasting
 24106 | Lair:3   | Reached XP level 15. HP: 69/96 MP: 0/0
 24106 | Lair:3   | Learned a level 6 spell: Iron Shot
 24497 | Lair:3   | Found a staircase to the Snake Pit.
 25306 | Lair:4   | Reached ****** piety under Qazlal
 25584 | Lair:4   | Found a staircase to the Slime Pits.
 25584 | Lair:4   | Found a viscous altar of Jiyva.
 25647 | Lair:4   | Lost mutation: You do not regenerate when monsters are
                  | visible. [potion of mutation]
 25647 | Lair:4   | Gained mutation: Your body sometimes deteriorates upon
                  | taking damage. [potion of mutation]
 25850 | Lair:4   | Lost mutation: Your body sometimes deteriorates upon taking
                  | damage. [potion of mutation]
 25850 | Lair:4   | Gained mutation: Potions are less effective at restoring
                  | your health. [potion of mutation]
 25850 | Lair:4   | Gained mutation: You have hidden genetic potential. [potion
                  | of mutation]
 26262 | Lair:5   | Entered Level 5 of the Lair of Beasts
 26286 | Lair:5   | Reached skill level 17 in Spellcasting
 26486 | Lair:5   | Identified the +9 war axe of Disharmony {antimagic, rF- rN+
                  | Dex+5}
 27412 | Slime:1  | Entered Level 1 of the Pits of Slime
 27413 | Slime:1  | Noticed an acid blob
 27431 | Slime:1  | Noticed a rockslime
 27436 | Slime:1  | Killed a rockslime
 27437 | Slime:1  | Killed an acid blob
 27629 | Slime:1  | Noticed an acid blob
 27649 | Slime:1  | Slain by an acid blob

Illustrated notes

Levels and vault maps discovered:
D:1:      dpeg_arrival_three_same_balls, layout_rooms,
          ebering_ecumenical_altar_sacrificial
D:2:      layout_loops_corners, uniq_sigmund
D:3:      layout_basic, cheibrodos_sewer_entry_bend, st_stairs_8
D:4:      layout_cave_pools, serial_forest, infiniplex_forest_fountain,
          infiniplex_forest_clump_small, infiniplex_forest_end_3,
          infiniplex_forest_zigzag_1, infiniplex_forest_clump_tiny,
          infiniplex_forest_clump_C, infiniplex_forest_clump_tiny
D:5:      layout_gridville, mainiacjoe_overflow_catch_the_wave,
          minmay_temple_entry_antechambers, serial_shops, shop,
          chequers_ossuary_entry_cave, uniq_blork_the_orc, uniq_ijyb
D:6:      layout_basic, okawaru_altar_gauntlet_db, serial_shops, shop,
          uniq_edmund
D:7:      layout_loops_cross, amethyst_overflow_temple_binary, uniq_duvessa
D:8:      layout_basic, serial_ice, serial_ice_j, serial_ice_n, serial_ice_g,
          serial_ice_m, minmay_misc_feat_doors, uniq_pikel
D:9:      layout_long_grid, zin_statuary, erik_lair_orcish_takeover,
          grunt_ministairs_4, lightli_wizard_tower
D:10:     minmay_gate_of_8, layout_loops_corners,
          mainiacjoe_overflow_small_starburst, mainiacjoe_overflow_alcove_2,
          gammafunk_temple_overflow_wave, amcnicky_altar_lugonu_corruption
D:11:     layout_basic, orc_david_3, hive_lemuel
D:12:     nooodl_glass_maze, layout_long_grid
D:13:     layout_rooms, david_vaults_4, minmay_misc_feat_room,
          nicolae_elemental_shop, st_stairs_13, hangedman_decor_diamond_cutter,
          serial_bayou_pond_e, minmay_fountain_box
D:14:     layout_long_grid, serial_shops, nicolae_shop_advertising_works
          [nicolae_subvault_shop_adworks], minmay_holes, xom_teletrap_fun
Temple:   nicolae_temple_x_marks_the_god
Lair:1:   layout_regular_city, ebering_ghost_rock_garden, grunt_megastairs_3,
          uniq_urug
Lair:2:   statuecave_lemuel, layout_hall_layers, swamp_mist, grunt_megastairs_4,
          infiniplex_staircase_pool
Lair:3:   layout_regular_city, minmay_snake_entry_guardpost_medium,
          grunt_megastairs_2, lemuel_fruit_tree
Lair:4:   layout_regular_city, slime_entry_1, hangedman_lair_generics_rect,
          serial_bayou_shore_b, serial_bayou_shore_a
Lair:5:   minmay_lair_end_frog_pond, layout_loops_ring
Swamp:1:  layout_falls_marsh, evilmike_swamp_ruin_rubble_2, uniq_jorgrun
Slime:1:  layout_caves
Orc:1:    layout_caves, serial_shops, shop
Orc:2:    st_orc_elflike, layout_diamond_mine, basic_altar
Elf:1:    minmay_elf_arrival_circle, layout_loops_ring, serial_shops,
          shop_statue, minmay_elf_annihilation

Skill      XL: |  1  2  3  4  5  6  7  8  9 10 11 12 13 14 15 |
---------------+----------------------------------------------+-----
Spellcasting   | 4 5 6 7 8 10 12 14 16 17 | 17.6
Stealth        | 2 3 5 6 |  6.0
Dodging        | 3 4 6 7 8 |  8.8
Fighting       | 1 4 5 |  5.5
Short Blades   | 1 4 5 |  5.1
Armour         | 4 |  4.0
Invocations    | 4 |  4.3
Evocations     | 4 |  4.2
Shields        | 2 3 4 |  4.0
Throwing       | 1 |  1.2

Action                   |  1- 3 |  4- 6 |  7- 9 | 10-12 | 13-15 || total
-------------------------+-------+-------+-------+-------+-------++-------
Melee: Unarmed           |     3 |       |       |       |       ||     3
       Dagger            |     8 |    56 |    41 |    13 |    15 ||   133
       Punch             |       |       |     1 |     1 |       ||     2
       Short sword       |       |       |       |    39 |       ||    39
Throw: Stone             |       |       |       |    12 |     9 ||    21
 Cast: Magic Dart        |    38 |    16 |    31 |    11 |     4 ||   100
       Searing Ray       |     2 |    10 |     4 |     3 |     1 ||    20
       Fulminant Prism   |       |     4 |    24 |   106 |   154 ||   288
       Iskenderun's Myst |       |     7 |    32 |   138 |   163 ||   340
       Ensorcelled Hiber |       |     1 |     2 |       |     1 ||     4
       Summon Small Mamm |       |     1 |       |     4 |     1 ||     6
       Mephitic Cloud    |       |       |     1 |     2 |     2 ||     5
       Animate Armour    |       |       |       |     1 |     4 ||     5
       Frozen Ramparts   |       |       |       |     2 |       ||     2
       Borgnjor's Vile C |       |       |       |       |    46 ||    46
       Iron Shot         |       |       |       |       |    20 ||    20
  Use: Potion            |       |     1 |     4 |     1 |     8 ||    14
       Scroll            |       |       |    20 |     4 |     4 ||    28
 Stab: Sleeping          |       |       |     1 |       |       ||     1
Armor: Robe              |     4 |    23 |    14 |    15 |    16 ||    72
       Acid dragon scale |       |       |       |       |     2 ||     2
Dodge: Dodged            |     7 |    67 |    29 |    38 |    45 ||   186
       Repelled          |       |       |       |     1 |     5 ||     6
Block: Other             |       |       |       |    21 |    24 ||    45
       Reflection        |       |       |       |     7 |     6 ||    13
